 Dungeon Crawl Stone Soup version 0.19-a0-1571-g5ccf90f (webtiles) character file.

5450 DeloreanTremens the Cleaver (level 10, -2/93 HPs)
             Began as a Minotaur Berserker on Sept 16, 2016.
             Was a High Priest of Trog.
             Slain by an orc warrior
             ... wielding a +0 glaive
              (21 damage)
             ... on level 8 of the Dungeon.
             The game lasted 00:40:24 (6040 turns).

DeloreanTremens the Cleaver (Minotaur Berserker)    Turns: 6040, Time: 00:40:25

Health: -2/93      AC: 16    Str: 22 (23) XL:     10   Next: 41%
Magic:  9/9        EV:  7    Int:  3 (5)  God:    Trog [*****.]
Gold:   576        SH:  0    Dex:  8 (11) Spells: 0 memorised, 9 levels left

rFire  . . .     SeeInvis .     w - +2 hand axe (freeze)
rCold  . . .     Gourm    .     B - +0 plate armour
rNeg   + . .     Faith    .     (no shield)
rPois  .         Spirit   .     (helmet restricted)
rElec  .         Dismiss  .     (no cloak)
rCorr  .         Reflect  .     l - +1 pair of gloves
MR     .....     Harm     .     (no boots)
Stlth  ..........               (no amulet)
                                (no ring)
                                C - ring of positive energy

@: exhausted, starving, slowed, very slow
A: retaliatory headbutt, horns 2
a: Berserk, Trog's Hand, Brothers in Arms, Burn Spellbooks, Renounce Religion


You were on level 8 of the Dungeon.
You worshipped Trog.
Trog was extremely pleased with you.
You were starving.

You visited 2 branches of the dungeon, and saw 9 of its levels.

You collected 576 gold pieces.

Inventory:

Hand Weapons
 w - a +2 hand axe of freezing (weapon)
Missiles
 n - 199 stones (quivered)
 L - 13 poisoned needles
Armour
 l - a +1 pair of gloves (worn)
 u - a +1 scale mail
 B - a +0 plate armour (worn)
 N - a steam dragon hide
Jewellery
 C - a ring of positive energy (left hand)
Wands
 z - a wand of acid (0/15)
 D - a wand of flame (21/48)
 E - a wand of flame (14/48)
Scrolls
 e - 3 scrolls of identify
 f - 3 scrolls of teleportation
 h - a scroll of recharging {unknown}
 j - a scroll of random uselessness {unknown}
 p - a scroll of fear
 q - a scroll of magic mapping {unknown}
 r - a scroll of fog {unknown}
 s - a scroll of amnesia {unknown}
 t - 4 scrolls of remove curse
 y - a scroll of immolation {unknown}
 G - a scroll of enchant weapon {unknown}
 H - a scroll of blinking {unknown}
 K - a scroll of vulnerability {unknown}
Potions
 a - a potion of flight {unknown}
 b - a potion of magic {unknown}
 g - 2 potions of brilliance {unknown}
 i - 3 potions of curing
 k - 2 potions of lignification {unknown}
 m - 2 potions of berserk rage {unknown}
 o - 3 potions of degeneration
 x - a potion of cure mutation {unknown}
 A - 2 potions of heal wounds {unknown}
 J - a potion of might {unknown}
Comestibles
 c - 5 bread rations
 d - 14 fruits
 v - a slice of pizza
 F - a meat ration
 I - a beef jerky
 M - 4 chunks of flesh


   Skills:
 + Level 9.9 Fighting
 * Level 13.2 Axes
 + Level 9.6 Armour
 - Level 2.1 Dodging


You had 9 spell levels left.
You didn't know any spells.

Dungeon Overview and Level Annotations

Branches:
Dungeon (8/15)             Temple (1/1) D:5
   Lair: D:8-11

Altars:
Ashenzari
Cheibriados
Dithmenos
Elyvilon
Fedhas
Hepliaklqana
Kikubaaqudgha
Makhleb
Nemelex Xobeh
Okawaru
Qazlal
Ru
Sif Muna
Trog
Uskayaw
Vehumet
Xom
Yredelemnul
The Shining One


Innate Abilities, Weirdness & Mutations

You reflexively headbutt those who attack you in melee.
You have a pair of horns on your head.


Message History

You hit the orc warrior but do no damage.
The orc warrior is severely wounded.
The orc warrior barely misses you.
You hit the orc warrior but do no damage.
You headbutt the orc warrior, but do no damage.
The orc warrior is severely wounded.
The orc warrior hits you with a glaive!
* * * LOW HITPOINT WARNING * * *
It was a potion of degeneration.
There was something very wrong with that liquid.
You feel weakened.
You feel dopey.
You feel clumsy. The orc warrior hits you with a glaive!
* * * LOW HITPOINT WARNING * * *
Eat one of 4 chunks of flesh? (ye/n/q)
Okay, then.
Eat one of 4 chunks of flesh? (ye/n/q)
Okay, then.
You feel better.
The orc warrior hits you with a glaive!!
You die...

♣.♣
♣.♣♣♣♣.♣.♣♣♣
♣.♣♣
♣♣.♣♣.♣..♣
♣♣†♣
♣♣...♣♣..♣
♣.♣♣
♣♣♣♣♣♣♣.♣
♣♣.♣ ..♣
♣†♣♣ ♣♣.♣
♣♣.♣ .♣ ♣.♣♣
♣ ♣♣@♣
♣♣oH.♣
♣♣)..♣ ..[♣
(.♣ .♣ ♣


You could see a hippogriff and an orc warrior.

Vanquished Creatures
  Joseph (D:8)
  The ghost of geedmat the Poker, a novice DsAK of Lugonu (D:6)
  6 spriggans (D:8)
  Eustachio (D:5)
  2 hippogriffs
  2 hungry ghosts
  A steam dragon (D:7)
  A soldier ant (D:7)
  A phantom (D:7)
  An orc warrior (D:7)
  An eye of draining (D:8)
  A sky beast (D:5)
  3 black bears
  A wasp (D:8)
  2 centaurs
  3 ogres
  Blork the orc (D:5)
  3 bullfrogs
  3 scorpions
  3 killer bees (D:8)
  2 howler monkeys
  A crimson imp (D:5)
  3 bullfrog zombies
  A quasit (D:6)
  3 orc priests
  5 hounds
  2 centaur zombies
  2 jellies
  2 orc wizards
  3 bullfrog skeletons
  10 worker ants
  3 iguanas (D:8)
  A howler monkey zombie (D:7)
  8 gnolls
  10 adders
  5 shadow imps
  2 oozes
  3 adder skeletons
  6 worms
  2 dart slugs (D:1)
  4 leopard geckos
  18 orcs
  4 giant cockroaches
  9 goblins
  8 hobgoblins
  2 jackals (D:5)
  2 quokkas
  A ball python (D:2)
  7 bats
  A frilled lizard (D:2)
  17 kobolds
  2 leopard gecko skeletons
  A quokka skeleton (D:5)
  8 rats
196 creatures vanquished.

Notes
Turn   | Place    | Note
-------+----------+-------------------------------------------
     0 | D:1      | DeloreanTremens the Minotaur Berserker began the quest for the Orb.
     0 | D:1      | Reached XP level 1. HP: 19/19 MP: 0/0
   174 | D:1      | Reached XP level 2. HP: 26/27 MP: 1/1
   188 | D:1      | Reached skill level 4 in Axes
   525 | D:1      | Reached ** piety under Trog
   525 | D:1      | Reached XP level 3. HP: 33/33 MP: 2/2
   795 | D:2      | Found a faded altar of an unknown god.
   892 | D:2      | Reached skill level 5 in Axes
  1017 | D:2      | Reached XP level 4. HP: 26/40 MP: 3/3
  1340 | D:2      | Found a sparkling altar of Nemelex Xobeh.
  1878 | D:3      | Reached XP level 5. HP: 47/47 MP: 4/4
  1963 | D:3      | Reached *** piety under Trog
  2104 | D:3      | Found a bloodstained altar of Trog.
  2297 | D:4      | Reached skill level 6 in Axes
  2413 | D:4      | Reached skill level 5 in Fighting
  2415 | D:4      | Reached XP level 6. HP: 56/56 MP: 5/5
  2895 | D:4      | Found an ancient bone altar of Kikubaaqudgha.
  2904 | D:4      | Found a sacrificial altar of Ru.
  2915 | D:4      | Found a sparkling altar of Nemelex Xobeh.
  2982 | D:4      | Reached skill level 7 in Axes
  3133 | D:4      | Reached skill level 5 in Armour
  3133 | D:4      | Reached XP level 7. HP: 61/61 MP: 6/6
  3380 | D:5      | Entered Level 5 of the Dungeon
  3382 | D:5      | Noticed Eustachio
  3443 | D:5      | Killed Eustachio
  3443 | D:5      | Reached **** piety under Trog
  3443 | D:5      | Reached skill level 8 in Axes
  3566 | D:5      | Noticed Blork the orc
  3582 | D:5      | Killed Blork the orc
  3582 | D:5      | Reached XP level 8. HP: 49/71 MP: 7/7
  3645 | D:5      | Reached skill level 9 in Axes
  3800 | D:5      | Found a staircase to the Ecumenical Temple.
  3841 | Temple   | Entered the Ecumenical Temple
  4282 | D:6      | Reached skill level 10 in Axes
  4287 | D:6      | Noticed geedmat's ghost (novice DsAK)
  4295 | D:6      | Killed geedmat's ghost
  4448 | D:6      | Reached XP level 9. HP: 59/81 MP: 8/8
  4562 | D:6      | Found a blossoming altar of Fedhas.
  4587 | D:6      | Found a burning altar of Makhleb.
  4760 | D:7      | Reached skill level 11 in Axes
  5676 | D:8      | Reached skill level 12 in Axes
  5679 | D:8      | Noticed Joseph
  5694 | D:8      | Killed Joseph
  5798 | D:8      | Reached XP level 10. HP: 91/91 MP: 9/9
  5860 | D:8      | Reached ***** piety under Trog
  5983 | D:8      | Reached skill level 13 in Axes
  6040 | D:8      | Slain by an orc warrior

Vault maps used:
D:1:      sevenhm_arrival_forest_fort_small_5
D:2:      ecumenical_altar_2, minivault_23, serial_bayou_lagoon_a,
          nemelex_spade_bored_becter
D:3:      bloody_trog
D:4:      grunt_temple_overflow_diamond
D:5:      first_bread, uniq_eustachio, uniq_blork_the_orc
D:6:      overflow_temple_1_default, basic_altar, minivault_24
D:7:      corexii_shack_village
D:8:      kb_forest_paths, grunt_temple_overflow_gold_and_silver, uniq_joseph
Temple:   nicolae_temple_great_sept

Skill      XL: |  1  2  3  4  5  6  7  8  9 10 |
---------------+-------------------------------+-----
Fighting       | 4 5 6 7 9 |  9.9
Axes           | 4 5 6 7 8 10 12 13 | 13.2
Armour         | 3 4 5 7 8 9 |  9.6
Dodging        | |  2.1

Action                   |  1- 3 |  4- 6 |  7- 9 | 10-12 || total
-------------------------+-------+-------+-------+-------++-------
Melee: Hand axe          |    61 |   124 |   274 |    99 ||   558
       Headbutt          |    17 |    25 |    62 |    24 ||   128
Throw: Stone             |       |     2 |    11 |       ||    13
Invok: Berserk           |     1 |     3 |     6 |     1 ||    11
Evoke: Wand              |       |       |     3 |     2 ||     5
  Use: Scroll            |       |       |     5 |       ||     5
       Potion            |       |       |     1 |     2 ||     3
 Stab: Sleeping          |     1 |       |       |       ||     1
  Eat: Chunk             |     1 |    10 |    15 |     2 ||    28
       Fruit             |       |       |     1 |       ||     1
Armor: Animal skin       |    14 |     6 |       |       ||    20
       Scale mail        |       |    30 |    51 |       ||    81
       Plate armour      |       |       |    48 |    48 ||    96
Dodge: Dodged            |    40 |    47 |    80 |    24 ||   191
